 Dungeon Crawl Stone Soup version 0.28.0 (webtiles) character file.

Game seed: 3177408706485304251

48 Dani the Chopper (level 3, 0/31 HPs)
             Began as a Minotaur Fighter on Feb 20, 2022.
             Slain by an orc (7 damage)
             ... on level 3 of the Dungeon.
             The game lasted 00:00:51 (663 turns).

Dani the Chopper (Minotaur Fighter)                  Turns: 663, Time: 00:00:51

Health: 0/31       AC:  6    Str: 22    XL:     3   Next: 50%
Magic:  2/2        EV:  9    Int:  5    God:
Gold:   46         SH:  0    Dex:  9    Spells: 2/2 levels left

rFire   . . .      SeeInvis .   a - +0 war axe
rCold   . . .      Faith    .   c - +0 buckler
rNeg    . . .      Spirit   .   b - +0 scale mail
rPois   .          Reflect  .   (helmet restricted)
rElec   .          Harm     .   (no cloak)
rCorr   .          Rampage  .   (no gloves)
Will    .....                   (no boots)
Stlth   ..........              (no amulet)
HPRegen 0.10/turn               (no ring)
MPRegen 0.08/turn               (no ring)

@: confused
A: horns 2, retaliatory headbutt
a: no special abilities


You were on level 3 of the Dungeon.
You visited 1 branch of the dungeon, and saw 3 of its levels.

You collected 46 gold pieces.

Inventory:

Hand Weapons
 a - a +0 war axe (weapon)
Armour
 b - a +0 scale mail (worn)
 c - a +0 buckler (worn)
Scrolls
 e - a scroll of teleportation {unknown}
 f - a scroll of amnesia {unknown}
 g - a scroll of noise {unknown}
Potions
 d - a potion of might


   Skills:
 - Level 3.6 Fighting
 + Level 4.8 Axes
 - Level 3.6 Armour
 - Level 3.6 Shields


You had 2 spell levels left.
You didn't know any spells.
Your spell library was empty.

Dungeon Overview and Level Annotations

Branches:
Dungeon (3/15)

Altars:


Innate Abilities, Weirdness & Mutations

You have a pair of horns on your head.
You reflexively headbutt those who attack you in melee.


Message History

No target in view!
Key pressed, stopping explore.
No target in view!
Key pressed, stopping explore.
No target in view!
Key pressed, stopping explore.
No target in view!
Key pressed, stopping explore.
No target in view!
Found 13 stones.
No target in view!
You see here 13 stones.
Key pressed, stopping explore.
Key pressed, stopping explore.
No target in view!
Key pressed, stopping explore.
No target in view!
Key pressed, stopping explore.
No target in view!
Key pressed, stopping explore.
No target in view!
Key pressed, stopping explore.
No target in view!
Key pressed, stopping explore.
A worm comes into view.
A worm is nearby!
A worm is nearby!
A worm is nearby!
A worm is nearby!
You slash the worm!
The worm is severely wounded.
A worm is nearby!
You slash the worm!
You kill the worm!
Key pressed, stopping explore.
No target in view!
Key pressed, stopping explore.
No target in view!
A kobold comes into view. It is wielding a +0 club.
The kobold shouts!
The kobold throws a stone.
The stone closely misses you.
You slash the kobold!
You kill the kobold!
A rat comes into view.
Things that are here:
a +0 club; 2 stones A rat is nearby!
The rat bites you but does no damage.
A rat is nearby!
You barely miss the rat. The rat bites you but does no damage.
A rat is nearby!
You hit the rat.
You kill the rat!
Key pressed, stopping explore.
No target in view!
Things that are here:
a +0 club; 2 stones Key pressed, stopping explore.
No target in view!
Key pressed, stopping explore.
No target in view!
An orc comes into view. It is wielding a +0 mace.
The orc shouts!
You hear a shout!
An orc comes into view. It is wielding a +0 flail.
You hear a shout!
There are monsters nearby!
There are monsters nearby!
The orc hits you with a +0 flail. The orc hits you but does no damage.
There are monsters nearby!
You closely miss the orc. Your headbutt misses the orc. You hit the orc.
An orc wizard comes into view. It is wielding a +0 dagger.
The orc hits you with a +0 flail. You block the orc's attack. x2
You barely miss the orc.
The orc is lightly wounded.
You hit the orc. The orc hits you with a +0 flail. The orc barely misses you.
You furiously retaliate!
You headbutt the orc, but do no damage.
There are monsters nearby!
You closely miss the orc.
The orc is lightly wounded.
You closely miss the orc. You hit the orc wizard.
The orc wizard casts a spell at you.
You are confused.
The orc closely misses you. The orc hits you with a +0 mace.
* * * LOW HITPOINT WARNING * * *
The orc wizard hits you with a +0 dagger.
* * * LOW HITPOINT WARNING * * *
You are too confused!
Unknown command.
You are too confused!
You are too confused!
Unknown command.
You barely miss the orc wizard.
The orc wizard is moderately wounded.
You closely miss the orc. x2; The orc hits you but does no damage.
The orc barely misses you.
The orc wizard gestures at you while chanting.
The puff of flame hits you!
* * * LOW HITPOINT WARNING * * *
The orc hits you with a +0 flail!
You die...

###..#######.### #..
####.############
#..####.....)..........
#.......##.############
#.####..##.#
#.####..##.#
#..........#
......#..####
...##.#@o# .. # #oo#
#..# ...# ##.# .# .# .#


You could see an orc wizard and 2 orcs.

Vanquished Creatures
  4 adders
  A worm (D:3)
  2 bats
  2 quokkas (D:3)
  2 frilled lizards (D:3)
  A kobold (D:3)
  A rat (D:3)
13 creatures vanquished.

Notes
Turn   | Place    | Note
-------+----------+-------------------------------------------
     0 | D:1      | Dani the Minotaur Fighter began the quest for the Orb.
     0 | D:1      | Reached XP level 1. HP: 19/19 MP: 0/0
   175 | D:2      | Reached skill level 3 in Axes
   175 | D:2      | Reached XP level 2. HP: 21/26 MP: 1/1
   316 | D:3      | Reached skill level 4 in Axes
   387 | D:3      | Reached XP level 3. HP: 25/31 MP: 2/2
   663 | D:3      | HP: 7/31 [orc wizard/puff of flame (10)]
   663 | D:3      | Slain by an orc

Illustrated notes

Levels and vault maps discovered:
D:1:      dpeg_cavernosity, layout_basic, shapermc_ecumenical_altar_gd,
          chequers_arboretum, hangedman_abyss_or_decor_stabs
D:2:      layout_basic
D:3:      layout_loops_ring, corexii_leaking_fountain, minivault_19,
          nrook_campfire

Skill      XL: |  1  2 |
---------------+-------+-----
Axes           | 3 4 |  4.8
Fighting       | |  3.6
Armour         | |  3.6
Shields        | |  3.6

Action                   || total
-------------------------++-------
Melee: War axe           ||    40
Armor: Scale mail        ||    23
Dodge: Dodged            ||    24
Block: Buckler           ||     9

Table legend: (Time is in decaauts)
 A = Elapsed time spent in this place.
 B = Non-inter-level travel time spent in this place.
 C = Inter-level travel time spent in this place.
 D = Time resting spent in this place.
 E = Time spent auto-exploring this place.
 F = Levels seen in this place.
 G = Mean time per level.
                   A        B        C        D        E       F      G
               +--------+--------+--------+--------+--------+-----+--------+
         Total |    675 |    675 |      0 |      0 |    564 |   3 |  225.0 |
       Dungeon |    675 |    675 |      0 |      0 |    564 |   3 |  225.0 |
               +--------+--------+--------+--------+--------+-----+--------+

Top non-repeatable levels by time:
     D:3: 396 daAuts
     D:2: 155 daAuts
     D:1: 123 daAuts

Table legend:
 A = Kills in this place as a percentage of kills in entire the game.
 B = Kills by you in this place as a percentage of kills by you in the entire game.
 C = Kills by friends in this place as a percentage of kills by friends in the entire game.
 D = Other kills in this place as a percentage of other kills in the entire game.
 E = Experience gained in this place as a percentage of experience gained in the entire game.
 F = Experience gained in this place divided by the number of levels of this place that you have seen.
                   A       B       C       D       E      F
               +-------+-------+-------+-------+-------+----------------------
         Total | 100.0 | 100.0 |   N/A |   N/A | 100.0 |  23.0
       Dungeon | 100.0 | 100.0 |   N/A |   N/A | 100.0 |  23.0
               +-------+-------+-------+-------+-------+----------------------
